 Dungeon Crawl Stone Soup version 0.14-a0-1773-ge500af7 (console) character file.

222 Kite the Magician (level 5, -2/24 HPs)
             Began as a Spriggan Wizard on Jan 8, 2014.
             Killed from afar by an orc wizard (8 damage)
             ... with a puff of flame
             ... on Level 3 of the Dungeon.
             The game lasted 00:34:16 (3351 turns).

Kite the Magician (Spriggan Wizard)                 Turns: 3351, Time: 00:34:22

HP  -2/24        AC  3     Str  3      XL: 5   Next:  1%
MP  20/20        EV 24     Int 20      God:
Gold 83          SH  0     Dex 20      Spells:  1 memorised, 15 levels left

rFire  . . .     SeeInvis +     a - +0,+1 dagger (speed)
rCold  . . .     Clarity  .     l - +1 robe
rNeg   . . .     Conserve .     (shield restricted)
rPois  .         rCorr    .     b - +0 wizard hat
rElec  .         rRot     .     (no cloak)
SustAb . .       Spirit   .     (gloves unavailable)
rMut   .         Warding  .     (boots unavailable)
Saprov . . .     Stasis   .     (no amulet)
                                (no ring)
                                (no ring)

@: about to teleport, agile, very quick, somewhat resistant to hostile
enchantments, very stealthy
A: unfitting armour, see invisible, herbivore 3, speed 3, slow metabolism 2
a: no special abilities


You were on level 3 of the Dungeon.
You were not hungry.

You visited 1 branch of the dungeon, and saw 4 of its levels.
You also visited: Sewer.

You collected 83 gold pieces.

Inventory:

Hand weapons
 a - a +0,+1 dagger of speed (weapon)
 h - a +0,+1 dwarven short sword
 i - a +0,+0 dagger
 m - a +0,+0 dagger
 o - a +2,+3 dwarven dagger
Missiles
 g - 55 darts (quivered)
Armour
 b - a +0 wizard hat (worn)
 l - a +1 robe (worn)
 n - a +0 robe
 t - a +2 robe
 v - a +2 robe
Comestibles
 u - a bread ration
Scrolls
 f - 2 scrolls of remove curse {unknown}
Jewellery
 k - an uncursed amulet of faith {unknown}
Potions
 d - a potion of porridge
 q - a potion of restore abilities
Books
 c - a book of Minor Magic

   Spells                             Type                      Level
   *Magic Dart                        Conjuration                  1
   Blink                              Translocation                2
   Call Imp                           Summoning                    2
   Repel Missiles                     Charms/Air                   2
   Slow                               Hexes                        2
   Conjure Flame                      Conjuration/Fire             3
   Mephitic Cloud                     Conjuration/Poison/Air       3


   Skills:
 + Level 3.6 Dodging
 + Level 3.2 Stealth
 + Level 6.0 Spellcasting
 + Level 2.0 Conjurations
   Level 0.7 Summonings
   Level 1.5 Translocations


You had 15 spell levels left.
You knew the following spells:

 Your Spells              Type           Power        Failure   Level  Hunger
a - Magic Dart            Conj           ##..         4%          1    None


Dungeon Overview and Level Annotations

Branches:
Dungeon (4/16)
 Temple: D:4-7

Altars:
Makhleb
Sif Muna


Innate Abilities, Weirdness & Mutations

You are tiny and cannot use many weapons and most armour.
You have supernaturally acute eyesight.
You are a herbivore.
You cover ground extremely quickly.
You need consume almost no food.


Message History

* * * LOW HITPOINT WARNING * * *
The orc misses you.
Unknown command.
Drink which item? (? for menu, Esc to quit)
Okay, then.
Drink which item? (? for menu, Esc to quit)
Okay, then.
Read which item? (? for menu, Esc to quit)
As you read the scroll labeled APRESA SACSEE, it crumbles to dust.
Nothing appears to happen.
The killer bee completely misses you. The killer bee completely misses you.
The orc wizard completely misses you. The orc closely misses you.
Read which item? (? for menu, Esc to quit)
As you read the scroll labeled EXOXZA MUEMIEKH, it crumbles to dust.
You feel strangely unstable.
It was a scroll of teleportation.
The killer bee completely misses you. The killer bee misses you.
The orc wizard casts a spell at you. The puff of flame hits you!
One of your 3 scrolls labeled TUTTIVV PNIPI catches fire!
You die...

...##≈≈≈≈..# ...##≈≈≈≈..#
...##.≈≈%≈.# ...#######%#
..[##......# ....'.....##
....#.....#
........#.###############
)..............o@o.......
###.....#.######k###.####
# #.....#.######k..# #
#%....#.#......#.#
###.#####.#.##.###.#
......# #.#.#....#.#
###.#.# #.#.#..#.#.#
..#.#.# #.#.####.#.#
#.#.#.# .#........#


You could see 2 killer bees, an orc wizard (invisible) and an orc.

Vanquished Creatures
  Jessica (D:2)
  3 adders (D:2)
  A green rat (D:3)
  A giant mite (D:3)
  A worm (D:2)
  An ooze (D:1)
  2 orcs (D:3)
  3 bats (D:1)
  6 giant cockroaches
  5 goblins
  7 hobgoblins
  7 jackals
  10 kobolds
  A quokka (D:2)
  2 ball pythons (D:3)
  4 giant geckos
  4 giant newts
  12 rats
71 creatures vanquished.

Notes
Turn   | Place    | Note
--------------------------------------------------------------
     0 | D:1      | Kite, the Spriggan Wizard, began the quest for the Orb.
     0 | D:1      | Reached XP level 1. HP: 9/9 MP: 6/6
   414 | D:1      | Reached XP level 2. HP: 11/13 MP: 3/9
   672 | D:1      | Reached skill level 1 in Conjurations
  1176 | D:1      | Reached XP level 3. HP: 16/16 MP: 9/13
  1229 | D:1      | Reached skill level 5 in Spellcasting
  1816 | D:2      | Noticed Jessica
  2005 | D:2      | Reached XP level 4. HP: 18/21 MP: 10/17
  2234 | D:2      | Killed Jessica
  2560 | D:2      | Found a burning altar of Makhleb.
  2560 | D:2      | Noticed a blizzard demon
  2599 | D:2      | Found a deep blue altar of Sif Muna.
  3073 | D:3      | Found a glowing drain.
  3116 | D:3      | Reached XP level 5. HP: 24/24 MP: 2/20
  3264 | Sewer    | Entered a sewer
  3291 | D:3      | Reached skill level 6 in Spellcasting
  3351 | D:3      | Killed from afar by an orc wizard

Action                   |  1- 3 |  4- 6 || total
-------------------------+-------+-------++-------
Melee: Unarmed           |    12 |       ||    12
       Short sword       |     2 |       ||     2
       Dagger            |     9 |     8 ||    17
 Cast: Magic Dart        |   126 |    89 ||   215
  Use: Potion            |       |     7 ||     7
       Scroll            |       |     2 ||     2
